 Dungeon Sprint DCSS version 0.32-a0-656-g3542139ebd (webtiles) character file.

Game seed: 6399222973712401151

5800000 ytrimaz the Blood Saint (level 24, -10/284 HPs)
             Began as a Demonspawn Gladiator on Mar 8, 2024.
             Was the Champion of Makhleb.
             Mangled by The Servant
             ... wielding a +9 glaive of flaming
              (49 damage)
             ... in the Dungeon (Sprint VIII: "Arena of Blood").
             The game lasted 00:02:09 (58 turns).

ytrimaz the Blood Saint (Demonspawn Gladiator)        Turns: 58, Time: 00:02:10

Health: -10/284    AC: 11    Str: 15    XL:     24   Next: 71%
Magic:  23/47      EV: 32    Int:  9    God:    Makhleb [******]
Gold:   0          SH:  0    Dex: 26    Spells: 63/63 levels left

rFire   . . .        k - +∞ Axe of Woe
rCold   + . .        (shield currently unavailable)
rNeg    . . .        a - +0 leather armour
rPois   .            b - +0 helmet
rElec   .            (cloak unavailable)
rCorr   .            (no gloves)
SInv    .            (no boots)
Will    +....        (no amulet)
Stlth   ++++++++     (no ring)
HPRegen 11.67/turn   (no ring)
MPRegen 0.30/turn

%: no teleportation
@: no status effects
A: icy blue scales 3, ignite blood 2, powered by death 3, robust 3, weakness
stinger 3
a: Renounce Religion, Minor Destruction, Lesser Servant of Makhleb, Major
Destruction, Greater Servant of Makhleb


You were in the Dungeon.
You worshipped Makhleb.
Makhleb was exalted by your worship.
You visited 1 branch


Innate Abilities, Weirdness & Mutations

You are completely covered in icy blue scales. (AC +4, rC+)
Your demonic aura often causes spilled blood to erupt in flames.
You regenerate a lot of health from kills.
You are extremely robust. (+30% HP)
You have a sharp stinger which inflicts weakening toxins.


   Skills:
 + Level 24.9 Fighting
 + Level 17.9(20.8) Short Blades
 + Level 17.9(20.8) Long Blades
 + Level 17.8(23.2) Axes
 + Level 17.9(23.2) Maces & Flails
 + Level 17.9(23.2) Polearms
 + Level 17.9(23.2) Staves
 + Level 17.9 Ranged Weapons
 + Level 21.1 Throwing
 + Level 18.0 Armour
 + Level 21.3 Dodging
 + Level 19.4 Stealth
 + Level 18.0 Shields
 + Level 23.2 Unarmed Combat
 + Level 20.4 Spellcasting
 + Level 22.0 Conjurations
 + Level 22.0 Hexes
 + Level 22.0 Summonings
 + Level 23.7 Necromancy
 + Level 20.4 Translocations
 + Level 20.3 Fire Magic
 + Level 20.3 Ice Magic
 + Level 20.3 Air Magic
 + Level 20.3 Earth Magic
 + Level 22.0 Alchemy
 O Level 27 Invocations
 + Level 21.9 Evocations
 + Level 18.8 Shapeshifting


You had 63 spell levels left.
You didn't know any spells.
Your spell library was empty.

Inventory:

Hand Weapons
 k - the +∞ Axe of Woe (weapon)
   (You found it in the Dungeon)
Missiles
 c - 3 throwing nets (quivered)
 d - a javelin
Armour
 a - a +0 leather armour (worn)
 b - a +0 helmet (worn)
Scrolls
 j - a scroll of blinking
Potions
 e - a potion of curing
 f - a potion of heal wounds
 g - a potion of haste
 h - 2 potions of magic
 i - a potion of berserk rage

Dungeon Overview and Level Annotations

Branches:
Dungeon (1/1) Zot: 27000

Altars:
Makhleb

Annotations:
D The Servant

#.. ...# . .###☼.
...###O..
.....○###LO....o.
.o.☼.._......L..
#.))))# ..... .
#_.D)_#.O....
....#..o)°#..Vo..
...M.oO_))°.Oo...
......###@☼o.....
.###..O.○°.###...
#....o@.# .
#.......#
.......o.O
....O.....V
.....V.....
........o.##


You could see an accursed, 2 tyrants, The Servant, an eight-headed meat hydra, 3
destroyers, a large bag of meat (inner flame), 7 meat berserkers and 9 bags of
meat.


Message History

You feel better.
You hit the sculptor of flesh but do no damage.
You fatally mangle the sculptor of flesh.
You destroy the sculptor of flesh!
Makhleb accepts your kill.
You feel better.
You slash the bag of meat!
You slaughter the bag of meat joyfully.
You kill the bag of meat!
Makhleb accepts your kill.
You feel better.
You slice the bag of meat!!
You pulverise the bag of meat into a thin bloody mist.
You kill the bag of meat!
Makhleb accepts your kill.
You feel better.
You hear a shout! x2
The eight-headed meat hydra calls on the powers of darkness!
The eight-headed meat hydra convulses!
The bag of meat convulses! x2
The meat berserker convulses!
The bag of meat convulses!
Your body is wracked with pain!
* * * LOW HITPOINT WARNING * * *
The Servant convulses!
The bag of meat convulses!
A meat berserker comes into view. It is wielding a +9 battleaxe.
The meat berserker rages.
A bag of meat comes into view. It is wielding a +9 war axe. x2
The destroyer gestures at you while chanting.
The destroyer blinks!
Your Throwing skill increases to level 21!
A meat berserker comes into view.
It is wielding a +9 battleaxe. 😨 HP[+35]
You regained 35 hp, and now have 76/284 hp.
Unknown command.
The bag of meat shouts!
You hit the bag of meat.
You butcher the bag of meat messily.
You kill the bag of meat!
Makhleb accepts your kill.
You feel better.
The accursed points at you and mumbles some strange words.
Something smites you!
* * * LOW HITPOINT WARNING * * *
The eight-headed meat hydra calls on the powers of darkness!
The eight-headed meat hydra convulses!
The bag of meat convulses! x2
The meat berserker convulses!
The bag of meat convulses! x2
Your body is wracked with pain!
* * * LOW HITPOINT WARNING * * *
The Servant convulses! 😱 HP[-29]
You take 29 damage, and now have 47/284 hp.
Unknown command.
You slice the sculptor of flesh!!
You dissect the sculptor of flesh like a pig carcass.
You destroy the sculptor of flesh!
Makhleb accepts your kill.
You feel better.
A bag of meat comes into view. It is wielding a +9 war axe.
You hear an explosion!
The tyrant waves its bony arms in wide circles.
The air twists around and strikes you!!!
* * * LOW HITPOINT WARNING * * *
The accursed gestures at you while chanting.
Something smites you!
* * * LOW HITPOINT WARNING * * *
A meat berserker comes into view. It is wielding a +9 battleaxe.
A large bag of meat comes into view. It is wielding a +9 giant spiked club.
The eight-headed meat hydra calls on the powers of darkness!
The eight-headed meat hydra convulses!
The bag of meat convulses! x2
The meat berserker convulses!
The bag of meat convulses!
The meat berserker convulses!
Your body is wracked with pain!
* * * LOW HITPOINT WARNING * * *
The meat berserker convulses!
The bag of meat convulses!
The large bag of meat convulses!
Flame seeps out of the large bag of meat.
The Servant convulses!
The meat berserker convulses!
The meat berserker rages.
You hear a shout!
Your Armour skill increases to level 18!
Your Shields skill increases to level 18!
Your Conjurations skill increases to level 22!
Your Hexes skill increases to level 22!
Your Summonings skill increases to level 22!
Your Alchemy skill increases to level 22! 😱 HP[-39]
You take 39 damage, and now have 8/284 hp.
Unknown command.
Unknown command.
Okay, then.
Okay, then.
Unknown command.
Unknown command.
Okay, then.
Unknown command.
Unknown command.
The bag of meat shouts!
You slice the bag of meat!!
You hew the bag of meat violently.
You kill the bag of meat!
Makhleb accepts your kill.
You feel better.
You hear a shout!
The Servant hits you from afar with a +9 glaive of flaming!!!
You die...

Skill      XL: |  1  2  3  4  5  6  7  8  9 10 11 12 13 14 15 16 17 18 19 20 21 22 23 24 |
---------------+-------------------------------------------------------------------------+-----
Fighting       | 13 14 15 16 17 18 19 21 23 24 | 24.9
Throwing       | 12 13 14 15 16 17 18 19 20 21 | 21.1
Dodging        | 12 13 14 15 16 17 18 19 20 21 | 21.3
Unarmed Combat | 12 13 14 15 17 18 19 20 21 22 23 | 23.2
Short Blades   | 2 3 5 6 8 10 11 12 14 15 17 | 17.9
Long Blades    | 2 3 5 6 8 10 11 12 14 15 17 | 17.9
Axes           | 2 3 5 6 8 10 11 12 14 15 17 | 17.8
Maces & Flails | 2 3 5 6 8 10 11 12 14 15 17 | 17.9
Polearms       | 2 3 5 6 8 10 11 12 14 15 17 | 17.9
Staves         | 2 3 5 6 8 10 11 12 14 15 17 | 17.9
Ranged Weapons | 2 3 5 6 8 10 11 12 14 15 17 | 17.9
Armour         | 2 3 5 6 8 10 11 12 14 15 17 18 | 18.0
Stealth        | 2 3 6 8 9 11 12 13 15 17 18 19 | 19.4
Shields        | 2 3 5 6 8 10 11 12 14 15 17 18 | 18.0
Spellcasting   | 2 3 4 6 7 9 10 12 14 16 18 19 20 | 20.4
Conjurations   | 2 3 4 7 10 11 13 15 17 18 19 21 22 | 22.0
Hexes          | 2 3 4 7 10 11 13 15 17 18 19 21 22 | 22.0
Summonings     | 2 3 4 7 10 11 13 15 17 18 19 21 22 | 22.0
Necromancy     | 3 4 5 8 11 12 14 15 16 19 21 22 23 | 23.7
Translocations | 2 3 4 6 7 9 10 12 14 16 18 19 20 | 20.4
Fire Magic     | 2 3 4 6 7 9 10 12 14 16 18 19 20 | 20.3
Ice Magic      | 2 3 4 6 7 9 10 12 14 16 18 19 20 | 20.3
Air Magic      | 2 3 4 6 7 9 10 12 14 16 18 19 20 | 20.3
Earth Magic    | 2 3 4 6 7 9 10 12 14 16 18 19 20 | 20.3
Alchemy        | 2 3 4 7 10 11 13 15 17 18 19 21 22 | 22.0
Invocations    | 3 5 6 9 10 13 14 16 17 19 22 24 26 27 | 27.0
Evocations     | 2 3 4 7 10 11 13 15 17 18 19 21 | 21.9
Shapeshifting  | 2 3 6 8 9 11 13 14 15 16 18 | 18.8

Action                     |  1- 3 |  4- 6 |  7- 9 | 10-12 | 13-15 | 16-18 | 19-21 | 22-24 || total
---------------------------+-------+-------+-------+-------+-------+-------+-------+-------++-------
  Melee: Executioner's axe |     1 |       |       |     3 |     5 |     6 |     6 |    23 ||    44
 Armour: Leather armour    |       |       |       |       |     3 |     8 |     5 |    12 ||    28
  Dodge: Dodged            |       |       |       |       |     2 |     1 |       |     4 ||     7

Levels and vault maps discovered:
D:        meatsprint

Notes
Turn   | Place    | Note
-------+----------+-------------------------------------------
     0 | D        | Found the +∞ Axe of Woe
     0 | D        | ytrimaz the Demonspawn Gladiator began the quest for the
                  | Orb.
     0 | D        | Reached XP level 1. HP: 16/16 MP: 1/1
     0 | D        | magus.rc [v1.9.6]
     1 | D        | Noticed a bag of meat
     2 | D        | Noticed a bag of meat
     3 | D        | Became a worshipper of Makhleb the Destroyer
     5 | D        | Killed a bag of meat
     5 | D        | Noticed a bag of meat
     6 | D        | Reached skill level 13 in Fighting
     6 | D        | Reached skill level 12 in Throwing
     6 | D        | Reached skill level 12 in Dodging
     6 | D        | Reached skill level 12 in Unarmed Combat
     6 | D        | Gained mutation: You regenerate a little health from kills.
                  | [demonic ancestry]
     6 | D        | Reached XP level 2. HP: 40/40 MP: 2/2
     6 | D        | Gained mutation: You regenerate health from kills. [demonic
                  | ancestry]
     6 | D        | Reached XP level 3. HP: 46/46 MP: 3/3
     6 | D        | Gained mutation: You have a small tail. [demonic ancestry]
     6 | D        | Reached XP level 4. HP: 53/53 MP: 4/4
     6 | D        | Reached XP level 5. HP: 59/59 MP: 5/5
     6 | D        | Gained mutation: You have a tail ending in a sharp stinger.
                  | [demonic ancestry]
     6 | D        | Reached XP level 6. HP: 66/66 MP: 6/6
     6 | D        | Reached XP level 7. HP: 72/72 MP: 7/7
     6 | D        | Reached XP level 8. HP: 79/79 MP: 8/8
     6 | D        | Gained mutation: You have a sharp stinger which inflicts
                  | weakening toxins. [demonic ancestry]
     6 | D        | Reached XP level 9. HP: 85/85 MP: 9/9
     6 | D        | Reached XP level 10. HP: 92/92 MP: 10/10
     6 | D        | Noticed a bag of meat
     6 | D        | Killed a bag of meat
     6 | D        | Reached * piety under Makhleb
     6 | D        | Noticed a bag of meat
     7 | D        | Reached skill level 2 in Short Blades
     7 | D        | Reached skill level 2 in Long Blades
     7 | D        | Reached skill level 2 in Axes
     7 | D        | Reached skill level 2 in Maces & Flails
     7 | D        | Reached skill level 2 in Polearms
     7 | D        | Reached skill level 2 in Staves
     7 | D        | Reached skill level 2 in Ranged Weapons
     7 | D        | Reached skill level 2 in Armour
     7 | D        | Reached skill level 2 in Stealth
     7 | D        | Reached skill level 2 in Shields
     7 | D        | Reached skill level 2 in Spellcasting
     7 | D        | Reached skill level 2 in Conjurations
     7 | D        | Reached skill level 2 in Hexes
     7 | D        | Reached skill level 2 in Summonings
     7 | D        | Reached skill level 3 in Necromancy
     7 | D        | Reached skill level 2 in Translocations
     7 | D        | Reached skill level 2 in Fire Magic
     7 | D        | Reached skill level 2 in Ice Magic
     7 | D        | Reached skill level 2 in Air Magic
     7 | D        | Reached skill level 2 in Earth Magic
     7 | D        | Reached skill level 2 in Alchemy
     7 | D        | Reached skill level 3 in Invocations
     7 | D        | Reached skill level 2 in Evocations
     7 | D        | Reached skill level 2 in Shapeshifting
     7 | D        | Gained mutation: Your demonic aura sometimes causes spilled
                  | blood to erupt in flames. [demonic ancestry]
     7 | D        | Reached XP level 11. HP: 99/99 MP: 10/14
     8 | D        | Killed a bag of meat
     8 | D        | Noticed a bag of meat
     8 | D        | Noticed a bag of meat
     8 | D        | Noticed a bag of meat
     9 | D        | Reached skill level 3 in Short Blades
     9 | D        | Reached skill level 3 in Long Blades
     9 | D        | Reached skill level 3 in Axes
     9 | D        | Reached skill level 3 in Maces & Flails
     9 | D        | Reached skill level 3 in Polearms
     9 | D        | Reached skill level 3 in Staves
     9 | D        | Reached skill level 3 in Ranged Weapons
     9 | D        | Reached skill level 3 in Armour
     9 | D        | Reached skill level 3 in Stealth
     9 | D        | Reached skill level 3 in Shields
     9 | D        | Reached skill level 13 in Unarmed Combat
     9 | D        | Reached skill level 3 in Spellcasting
     9 | D        | Reached skill level 3 in Conjurations
     9 | D        | Reached skill level 3 in Hexes
     9 | D        | Reached skill level 3 in Summonings
     9 | D        | Reached skill level 4 in Necromancy
     9 | D        | Reached skill level 3 in Translocations
     9 | D        | Reached skill level 3 in Fire Magic
     9 | D        | Reached skill level 3 in Ice Magic
     9 | D        | Reached skill level 3 in Air Magic
     9 | D        | Reached skill level 3 in Earth Magic
     9 | D        | Reached skill level 3 in Alchemy
     9 | D        | Reached skill level 5 in Invocations
     9 | D        | Reached skill level 3 in Evocations
     9 | D        | Reached skill level 3 in Shapeshifting
     9 | D        | Reached XP level 12. HP: 106/106 MP: 10/17
     9 | D        | Killed a bag of meat
     9 | D        | Noticed a bag of meat
    10 | D        | Reached skill level 14 in Fighting
    10 | D        | Reached skill level 13 in Dodging
    10 | D        | Reached skill level 4 in Spellcasting
    10 | D        | Reached skill level 4 in Conjurations
    10 | D        | Reached skill level 4 in Hexes
    10 | D        | Reached skill level 4 in Summonings
    10 | D        | Reached skill level 5 in Necromancy
    10 | D        | Reached skill level 4 in Translocations
    10 | D        | Reached skill level 4 in Fire Magic
    10 | D        | Reached skill level 4 in Ice Magic
    10 | D        | Reached skill level 4 in Air Magic
    10 | D        | Reached skill level 4 in Earth Magic
    10 | D        | Reached skill level 4 in Alchemy
    10 | D        | Reached skill level 6 in Invocations
    10 | D        | Reached skill level 4 in Evocations
    10 | D        | Gained mutation: You are robust. (+10% HP) [demonic
                  | ancestry]
    10 | D        | Reached XP level 13. HP: 107/124 MP: 10/19
    10 | D        | Noticed a meat berserker
    10 | D        | Noticed a meat berserker
    10 | D        | Noticed a bag of meat
    12 | D        | Killed a meat berserker
    12 | D        | Reached ** piety under Makhleb
    12 | D        | Noticed a bag of meat
    13 | D        | Reached skill level 4 in Short Blades
    13 | D        | Reached skill level 4 in Long Blades
    13 | D        | Reached skill level 4 in Axes
    13 | D        | Reached skill level 4 in Maces & Flails
    13 | D        | Reached skill level 4 in Polearms
    13 | D        | Reached skill level 4 in Staves
    13 | D        | Reached skill level 4 in Ranged Weapons
    13 | D        | Reached skill level 13 in Throwing
    13 | D        | Reached skill level 4 in Armour
    13 | D        | Reached skill level 4 in Stealth
    13 | D        | Reached skill level 4 in Shields
    13 | D        | Reached skill level 5 in Spellcasting
    13 | D        | Reached skill level 5 in Conjurations
    13 | D        | Reached skill level 5 in Hexes
    13 | D        | Reached skill level 5 in Summonings
    13 | D        | Reached skill level 6 in Necromancy
    13 | D        | Reached skill level 5 in Translocations
    13 | D        | Reached skill level 5 in Fire Magic
    13 | D        | Reached skill level 5 in Ice Magic
    13 | D        | Reached skill level 5 in Air Magic
    13 | D        | Reached skill level 5 in Earth Magic
    13 | D        | Reached skill level 5 in Alchemy
    13 | D        | Reached skill level 7 in Invocations
    13 | D        | Reached skill level 5 in Evocations
    13 | D        | Reached skill level 4 in Shapeshifting
    13 | D        | Killed a bag of meat
    13 | D        | Killed a meat berserker
    13 | D        | Killed a bag of meat
    13 | D        | Reached *** piety under Makhleb
    13 | D        | Noticed a bag of meat
    13 | D        | Noticed a meat berserker
    13 | D        | Noticed a meat berserker
    14 | D        | Reached skill level 15 in Fighting
    14 | D        | Reached skill level 5 in Short Blades
    14 | D        | Reached skill level 5 in Long Blades
    14 | D        | Reached skill level 5 in Axes
    14 | D        | Reached skill level 5 in Maces & Flails
    14 | D        | Reached skill level 5 in Polearms
    14 | D        | Reached skill level 5 in Staves
    14 | D        | Reached skill level 5 in Ranged Weapons
    14 | D        | Reached skill level 5 in Armour
    14 | D        | Reached skill level 6 in Stealth
    14 | D        | Reached skill level 5 in Shields
    14 | D        | Reached skill level 14 in Unarmed Combat
    14 | D        | Reached skill level 6 in Spellcasting
    14 | D        | Reached skill level 7 in Conjurations
    14 | D        | Reached skill level 7 in Hexes
    14 | D        | Reached skill level 7 in Summonings
    14 | D        | Reached skill level 8 in Necromancy
    14 | D        | Reached skill level 6 in Translocations
    14 | D        | Reached skill level 6 in Fire Magic
    14 | D        | Reached skill level 6 in Ice Magic
    14 | D        | Reached skill level 6 in Air Magic
    14 | D        | Reached skill level 6 in Earth Magic
    14 | D        | Reached skill level 7 in Alchemy
    14 | D        | Reached skill level 9 in Invocations
    14 | D        | Reached skill level 7 in Evocations
    14 | D        | Reached skill level 6 in Shapeshifting
    14 | D        | Gained mutation: You regenerate a lot of health from kills.
                  | [demonic ancestry]
    14 | D        | Reached XP level 14. HP: 101/135 MP: 11/24
    14 | D        | Killed a bag of meat
    14 | D        | Noticed a meat berserker
    14 | D        | HP: 24/135 [meat berserker/+9 battleaxe (82)]
    14 | D        | Noticed a bag of meat
    14 | D        | Noticed a bag of meat
    15 | D        | Reached skill level 6 in Short Blades
    15 | D        | Reached skill level 6 in Long Blades
    15 | D        | Reached skill level 6 in Axes
    15 | D        | Reached skill level 6 in Maces & Flails
    15 | D        | Reached skill level 6 in Polearms
    15 | D        | Reached skill level 6 in Staves
    15 | D        | Reached skill level 6 in Ranged Weapons
    15 | D        | Reached skill level 6 in Armour
    15 | D        | Reached skill level 6 in Shields
    15 | D        | Reached skill level 7 in Spellcasting
    15 | D        | Reached skill level 7 in Translocations
    15 | D        | Reached skill level 7 in Fire Magic
    15 | D        | Reached skill level 7 in Ice Magic
    15 | D        | Reached skill level 7 in Air Magic
    15 | D        | Reached skill level 7 in Earth Magic
    15 | D        | Reached skill level 10 in Invocations
    15 | D        | Gained mutation: Your demonic aura often causes spilled
                  | blood to erupt in flames. [demonic ancestry]
    15 | D        | Reached XP level 15. HP: 25/141 MP: 11/25
    15 | D        | Killed a meat berserker
    15 | D        | Reached **** piety under Makhleb
    16 | D        | Reached skill level 14 in Dodging
    16 | D        | Reached skill level 7 in Stealth
    16 | D        | Reached skill level 8 in Conjurations
    16 | D        | Reached skill level 8 in Hexes
    16 | D        | Reached skill level 8 in Summonings
    16 | D        | Reached skill level 9 in Necromancy
    16 | D        | Reached skill level 8 in Alchemy
    16 | D        | Reached skill level 11 in Invocations
    16 | D        | Reached skill level 8 in Evocations
    16 | D        | Reached skill level 7 in Shapeshifting
    17 | D        | Killed a meat berserker
    17 | D        | Killed a meat berserker
    17 | D        | Reached ***** piety under Makhleb
    17 | D        | Noticed a large bag of meat
    18 | D        | Reached skill level 16 in Fighting
    18 | D        | Reached skill level 8 in Short Blades
    18 | D        | Reached skill level 8 in Long Blades
    18 | D        | Reached skill level 8 in Axes
    18 | D        | Reached skill level 8 in Maces & Flails
    18 | D        | Reached skill level 8 in Polearms
    18 | D        | Reached skill level 8 in Staves
    18 | D        | Reached skill level 8 in Ranged Weapons
    18 | D        | Reached skill level 14 in Throwing
    18 | D        | Reached skill level 8 in Armour
    18 | D        | Reached skill level 8 in Stealth
    18 | D        | Reached skill level 8 in Shields
    18 | D        | Reached skill level 15 in Unarmed Combat
    18 | D        | Reached skill level 9 in Spellcasting
    18 | D        | Reached skill level 10 in Conjurations
    18 | D        | Reached skill level 10 in Hexes
    18 | D        | Reached skill level 10 in Summonings
    18 | D        | Reached skill level 11 in Necromancy
    18 | D        | Reached skill level 9 in Translocations
    18 | D        | Reached skill level 9 in Fire Magic
    18 | D        | Reached skill level 9 in Ice Magic
    18 | D        | Reached skill level 9 in Air Magic
    18 | D        | Reached skill level 9 in Earth Magic
    18 | D        | Reached skill level 10 in Alchemy
    18 | D        | Reached skill level 13 in Invocations
    18 | D        | Reached skill level 10 in Evocations
    18 | D        | Reached skill level 8 in Shapeshifting
    18 | D        | Reached XP level 16. HP: 133/152 MP: 12/29
    18 | D        | Noticed a large bag of meat
    18 | D        | Noticed a meat berserker
    18 | D        | Noticed a meat berserker
    18 | D        | Noticed a meat berserker
    18 | D        | Noticed a destroyer
    18 | D        | Noticed a meat berserker
    19 | D        | Noticed a meat berserker
    20 | D        | Reached skill level 9 in Stealth
    20 | D        | Noticed a meat berserker
    20 | D        | Killed a destroyer
    20 | D        | Noticed a large bag of meat
    21 | D        | Reached skill level 17 in Fighting
    21 | D        | Reached skill level 15 in Dodging
    21 | D        | Reached skill level 10 in Spellcasting
    21 | D        | Reached skill level 11 in Conjurations
    21 | D        | Reached skill level 11 in Hexes
    21 | D        | Reached skill level 11 in Summonings
    21 | D        | Reached skill level 12 in Necromancy
    21 | D        | Reached skill level 10 in Translocations
    21 | D        | Reached skill level 10 in Fire Magic
    21 | D        | Reached skill level 10 in Ice Magic
    21 | D        | Reached skill level 10 in Air Magic
    21 | D        | Reached skill level 10 in Earth Magic
    21 | D        | Reached skill level 11 in Alchemy
    21 | D        | Reached skill level 14 in Invocations
    21 | D        | Reached skill level 11 in Evocations
    21 | D        | Reached skill level 9 in Shapeshifting
    21 | D        | Reached XP level 17. HP: 92/161 MP: 13/31
    21 | D        | Noticed a destroyer
    21 | D        | Killed a meat berserker
    21 | D        | Noticed a meat berserker
    22 | D        | Reached skill level 9 in Short Blades
    22 | D        | Reached skill level 9 in Long Blades
    22 | D        | Reached skill level 9 in Axes
    22 | D        | Reached skill level 9 in Maces & Flails
    22 | D        | Reached skill level 9 in Polearms
    22 | D        | Reached skill level 9 in Staves
    22 | D        | Reached skill level 9 in Ranged Weapons
    22 | D        | Reached skill level 15 in Throwing
    22 | D        | Reached skill level 9 in Armour
    22 | D        | Reached skill level 10 in Stealth
    22 | D        | Reached skill level 9 in Shields
    22 | D        | Reached skill level 16 in Unarmed Combat
    22 | D        | Killed a large bag of meat
    22 | D        | Noticed a meat berserker
    23 | D        | Reached skill level 11 in Spellcasting
    23 | D        | Reached skill level 11 in Translocations
    23 | D        | Reached skill level 11 in Fire Magic
    23 | D        | Reached skill level 11 in Ice Magic
    23 | D        | Reached skill level 11 in Earth Magic
    23 | D        | Reached skill level 15 in Invocations
    23 | D        | Reached skill level 10 in Shapeshifting
    23 | D        | Killed a meat berserker
    23 | D        | Killed a large bag of meat
    23 | D        | Reached ****** piety under Makhleb
    23 | D        | Killed a meat berserker
    23 | D        | Noticed a meat berserker
    23 | D        | Noticed a meat berserker
    24 | D        | Reached skill level 18 in Fighting
    24 | D        | Reached skill level 10 in Short Blades
    24 | D        | Reached skill level 10 in Long Blades
    24 | D        | Reached skill level 10 in Axes
    24 | D        | Reached skill level 10 in Maces & Flails
    24 | D        | Reached skill level 10 in Polearms
    24 | D        | Reached skill level 10 in Staves
    24 | D        | Reached skill level 10 in Ranged Weapons
    24 | D        | Reached skill level 10 in Armour
    24 | D        | Reached skill level 16 in Dodging
    24 | D        | Reached skill level 11 in Stealth
    24 | D        | Reached skill level 10 in Shields
    24 | D        | Reached skill level 17 in Unarmed Combat
    24 | D        | Reached skill level 12 in Spellcasting
    24 | D        | Reached skill level 13 in Conjurations
    24 | D        | Reached skill level 13 in Hexes
    24 | D        | Reached skill level 13 in Summonings
    24 | D        | Reached skill level 14 in Necromancy
    24 | D        | Reached skill level 12 in Translocations
    24 | D        | Reached skill level 12 in Fire Magic
    24 | D        | Reached skill level 12 in Ice Magic
    24 | D        | Reached skill level 12 in Air Magic
    24 | D        | Reached skill level 12 in Earth Magic
    24 | D        | Reached skill level 13 in Alchemy
    24 | D        | Reached skill level 16 in Invocations
    24 | D        | Reached skill level 13 in Evocations
    24 | D        | Reached skill level 11 in Shapeshifting
    24 | D        | Reached XP level 18. HP: 52/172 MP: 14/34
    24 | D        | Killed a meat berserker
    24 | D        | Killed a meat berserker
    24 | D        | Noticed a large bag of meat
    24 | D        | HP: 43/172 [large bag of meat/+9 giant spiked club (29)]
    25 | D        | Reached skill level 11 in Short Blades
    25 | D        | Reached skill level 11 in Long Blades
    25 | D        | Reached skill level 11 in Axes
    25 | D        | Reached skill level 11 in Maces & Flails
    25 | D        | Reached skill level 11 in Polearms
    25 | D        | Reached skill level 11 in Staves
    25 | D        | Reached skill level 11 in Ranged Weapons
    25 | D        | Reached skill level 16 in Throwing
    25 | D        | Reached skill level 11 in Armour
    25 | D        | Reached skill level 12 in Stealth
    25 | D        | Reached skill level 11 in Shields
    25 | D        | Reached skill level 15 in Necromancy
    25 | D        | Reached skill level 17 in Invocations
    25 | D        | Gained mutation: You are partially covered in icy blue
                  | scales. (AC +2) [demonic ancestry]
    25 | D        | Reached XP level 19. HP: 45/181 MP: 14/35
    25 | D        | Killed a large bag of meat
    25 | D        | Noticed a meat berserker
    26 | D        | Reached skill level 19 in Fighting
    26 | D        | Reached skill level 18 in Unarmed Combat
    26 | D        | Reached skill level 13 in Spellcasting
    26 | D        | Reached skill level 14 in Conjurations
    26 | D        | Reached skill level 14 in Hexes
    26 | D        | Reached skill level 14 in Summonings
    26 | D        | Reached skill level 13 in Translocations
    26 | D        | Reached skill level 13 in Fire Magic
    26 | D        | Reached skill level 13 in Ice Magic
    26 | D        | Reached skill level 13 in Air Magic
    26 | D        | Reached skill level 13 in Earth Magic
    26 | D        | Reached skill level 14 in Alchemy
    26 | D        | Reached skill level 18 in Invocations
    26 | D        | Reached skill level 14 in Evocations
    26 | D        | Reached skill level 12 in Shapeshifting
    26 | D        | Killed a meat berserker
    26 | D        | Killed a meat berserker
    26 | D        | Noticed a large bag of meat
    26 | D        | Noticed a large bag of meat
    26 | D        | Noticed a meat berserker
    27 | D        | Reached skill level 12 in Short Blades
    27 | D        | Reached skill level 12 in Long Blades
    27 | D        | Reached skill level 12 in Axes
    27 | D        | Reached skill level 12 in Maces & Flails
    27 | D        | Reached skill level 12 in Polearms
    27 | D        | Reached skill level 12 in Staves
    27 | D        | Reached skill level 12 in Ranged Weapons
    27 | D        | Reached skill level 17 in Throwing
    27 | D        | Reached skill level 12 in Armour
    27 | D        | Reached skill level 17 in Dodging
    27 | D        | Reached skill level 13 in Stealth
    27 | D        | Reached skill level 12 in Shields
    27 | D        | Reached skill level 14 in Spellcasting
    27 | D        | Reached skill level 15 in Conjurations
    27 | D        | Reached skill level 15 in Hexes
    27 | D        | Reached skill level 15 in Summonings
    27 | D        | Reached skill level 16 in Necromancy
    27 | D        | Reached skill level 14 in Translocations
    27 | D        | Reached skill level 14 in Fire Magic
    27 | D        | Reached skill level 14 in Ice Magic
    27 | D        | Reached skill level 14 in Air Magic
    27 | D        | Reached skill level 14 in Earth Magic
    27 | D        | Reached skill level 15 in Alchemy
    27 | D        | Reached skill level 19 in Invocations
    27 | D        | Reached skill level 15 in Evocations
    27 | D        | Reached skill level 13 in Shapeshifting
    27 | D        | Gained mutation: You are mostly covered in icy blue scales.
                  | (AC +3) [demonic ancestry]
    27 | D        | Reached XP level 20. HP: 193/193 MP: 15/38
    28 | D        | Killed a meat berserker
    28 | D        | Killed a meat berserker
    28 | D        | Killed a meat berserker
    28 | D        | Noticed a meat berserker
    28 | D        | Noticed an eight-headed meat hydra
    29 | D        | Reached skill level 20 in Fighting
    29 | D        | Reached skill level 13 in Short Blades
    29 | D        | Reached skill level 13 in Long Blades
    29 | D        | Reached skill level 13 in Axes
    29 | D        | Reached skill level 13 in Maces & Flails
    29 | D        | Reached skill level 13 in Polearms
    29 | D        | Reached skill level 13 in Staves
    29 | D        | Reached skill level 13 in Ranged Weapons
    29 | D        | Reached skill level 13 in Armour
    29 | D        | Reached skill level 14 in Stealth
    29 | D        | Reached skill level 13 in Shields
    29 | D        | Reached skill level 19 in Unarmed Combat
    29 | D        | Reached skill level 15 in Spellcasting
    29 | D        | Reached skill level 16 in Conjurations
    29 | D        | Reached skill level 16 in Hexes
    29 | D        | Reached skill level 16 in Summonings
    29 | D        | Reached skill level 17 in Necromancy
    29 | D        | Reached skill level 15 in Translocations
    29 | D        | Reached skill level 15 in Fire Magic
    29 | D        | Reached skill level 15 in Ice Magic
    29 | D        | Reached skill level 15 in Air Magic
    29 | D        | Reached skill level 15 in Earth Magic
    29 | D        | Reached skill level 16 in Alchemy
    29 | D        | Reached skill level 20 in Invocations
    29 | D        | Reached skill level 16 in Evocations
    29 | D        | Killed a destroyer
    29 | D        | Killed a meat berserker
    29 | D        | Killed a large bag of meat
    29 | D        | Noticed a large bag of meat
    30 | D        | Reached skill level 21 in Fighting
    30 | D        | Reached skill level 14 in Short Blades
    30 | D        | Reached skill level 14 in Long Blades
    30 | D        | Reached skill level 14 in Axes
    30 | D        | Reached skill level 14 in Maces & Flails
    30 | D        | Reached skill level 14 in Polearms
    30 | D        | Reached skill level 14 in Staves
    30 | D        | Reached skill level 14 in Ranged Weapons
    30 | D        | Reached skill level 18 in Throwing
    30 | D        | Reached skill level 14 in Armour
    30 | D        | Reached skill level 18 in Dodging
    30 | D        | Reached skill level 15 in Stealth
    30 | D        | Reached skill level 14 in Shields
    30 | D        | Reached skill level 16 in Spellcasting
    30 | D        | Reached skill level 17 in Conjurations
    30 | D        | Reached skill level 17 in Hexes
    30 | D        | Reached skill level 17 in Summonings
    30 | D        | Reached skill level 19 in Necromancy
    30 | D        | Reached skill level 16 in Translocations
    30 | D        | Reached skill level 16 in Fire Magic
    30 | D        | Reached skill level 16 in Ice Magic
    30 | D        | Reached skill level 16 in Air Magic
    30 | D        | Reached skill level 16 in Earth Magic
    30 | D        | Reached skill level 17 in Alchemy
    30 | D        | Reached skill level 22 in Invocations
    30 | D        | Reached skill level 17 in Evocations
    30 | D        | Reached skill level 14 in Shapeshifting
    30 | D        | Gained mutation: You are completely covered in icy blue
                  | scales. (AC +4, rC+) [demonic ancestry]
    30 | D        | Reached XP level 21. HP: 171/205 MP: 15/41
    30 | D        | Noticed a destroyer
    30 | D        | Killed a large bag of meat
    30 | D        | Noticed a large bag of meat
    30 | D        | Noticed a destroyer
    31 | D        | Reached skill level 20 in Unarmed Combat
    31 | D        | Reached skill level 18 in Conjurations
    31 | D        | Reached skill level 18 in Hexes
    31 | D        | Reached skill level 18 in Summonings
    31 | D        | Reached skill level 18 in Alchemy
    31 | D        | Reached skill level 18 in Evocations
    31 | D        | Reached skill level 15 in Shapeshifting
    31 | D        | Gained mutation: You are very robust. (+20% HP) [demonic
                  | ancestry]
    31 | D        | Reached XP level 22. HP: 100/235 MP: 16/42
    31 | D        | Noticed a destroyer
    31 | D        | Noticed a large bag of meat
    32 | D        | Reached skill level 22 in Fighting
    32 | D        | Reached skill level 16 in Stealth
    32 | D        | Reached skill level 23 in Invocations
    32 | D        | Killed a destroyer
    33 | D        | Reached skill level 15 in Short Blades
    33 | D        | Reached skill level 15 in Long Blades
    33 | D        | Reached skill level 15 in Axes
    33 | D        | Reached skill level 15 in Maces & Flails
    33 | D        | Reached skill level 15 in Polearms
    33 | D        | Reached skill level 15 in Staves
    33 | D        | Reached skill level 15 in Ranged Weapons
    33 | D        | Reached skill level 19 in Throwing
    33 | D        | Reached skill level 15 in Armour
    33 | D        | Reached skill level 19 in Dodging
    33 | D        | Reached skill level 15 in Shields
    33 | D        | Reached skill level 17 in Spellcasting
    33 | D        | Reached skill level 20 in Necromancy
    33 | D        | Reached skill level 17 in Translocations
    33 | D        | Reached skill level 17 in Fire Magic
    33 | D        | Reached skill level 17 in Ice Magic
    33 | D        | Reached skill level 17 in Air Magic
    33 | D        | Reached skill level 17 in Earth Magic
    33 | D        | Reached skill level 16 in Shapeshifting
    33 | D        | HP: 53/236 [bag of meat/+9 war axe (19)]
    33 | D        | HP: 8/236 [bag of meat/+9 war axe (34)]
    34 | D        | Killed a destroyer
    35 | D        | Reached skill level 21 in Unarmed Combat
    35 | D        | Reached skill level 19 in Conjurations
    35 | D        | Reached skill level 19 in Hexes
    35 | D        | Reached skill level 19 in Summonings
    35 | D        | Reached skill level 19 in Alchemy
    35 | D        | Reached skill level 24 in Invocations
    35 | D        | Reached skill level 19 in Evocations
    35 | D        | Killed a large bag of meat
    36 | D        | Reached skill level 17 in Stealth
    36 | D        | Reached skill level 18 in Spellcasting
    36 | D        | Reached skill level 21 in Necromancy
    36 | D        | Reached skill level 18 in Translocations
    36 | D        | Reached skill level 18 in Fire Magic
    36 | D        | Reached skill level 18 in Ice Magic
    36 | D        | Reached skill level 18 in Air Magic
    36 | D        | Reached skill level 18 in Earth Magic
    36 | D        | Killed a large bag of meat
    36 | D        | Killed a large bag of meat
    36 | D        | Noticed a tyrant
    36 | D        | Noticed a destroyer
    36 | D        | Noticed a destroyer
    37 | D        | Reached skill level 23 in Fighting
    37 | D        | Gained mutation: You are extremely robust. (+30% HP)
                  | [demonic ancestry]
    37 | D        | Reached XP level 23. HP: 199/267 MP: 17/45
    38 | D        | Reached skill level 16 in Short Blades
    38 | D        | Reached skill level 16 in Long Blades
    38 | D        | Reached skill level 16 in Axes
    38 | D        | Reached skill level 16 in Maces & Flails
    38 | D        | Reached skill level 16 in Polearms
    38 | D        | Reached skill level 16 in Staves
    38 | D        | Reached skill level 16 in Ranged Weapons
    38 | D        | Reached skill level 16 in Armour
    38 | D        | Reached skill level 16 in Shields
    38 | D        | Killed a large bag of meat
    38 | D        | Noticed a destroyer
    39 | D        | Reached skill level 20 in Conjurations
    39 | D        | Reached skill level 20 in Hexes
    39 | D        | Reached skill level 20 in Summonings
    39 | D        | Reached skill level 20 in Alchemy
    39 | D        | Reached skill level 25 in Invocations
    39 | D        | Reached skill level 20 in Evocations
    39 | D        | Reached skill level 17 in Shapeshifting
    39 | D        | Killed a tyrant
    39 | D        | Killed a destroyer
    40 | D        | Reached skill level 20 in Throwing
    40 | D        | Reached skill level 20 in Dodging
    40 | D        | Reached skill level 18 in Stealth
    40 | D        | Reached skill level 22 in Unarmed Combat
    40 | D        | Reached skill level 19 in Spellcasting
    40 | D        | Reached skill level 22 in Necromancy
    40 | D        | Reached skill level 19 in Translocations
    40 | D        | Reached skill level 19 in Fire Magic
    40 | D        | Reached skill level 19 in Ice Magic
    40 | D        | Reached skill level 19 in Air Magic
    40 | D        | Killed a destroyer
    41 | D        | Reached skill level 19 in Earth Magic
    41 | D        | Reached skill level 26 in Invocations
    41 | D        | HP: 53/271 [??? (50)]
    42 | D        | Killed a destroyer
    43 | D        | Reached skill level 24 in Fighting
    43 | D        | Reached skill level 17 in Short Blades
    43 | D        | Reached skill level 17 in Long Blades
    43 | D        | Reached skill level 17 in Axes
    43 | D        | Reached skill level 17 in Maces & Flails
    43 | D        | Reached skill level 17 in Polearms
    43 | D        | Reached skill level 17 in Staves
    43 | D        | Reached skill level 17 in Ranged Weapons
    43 | D        | Reached skill level 17 in Armour
    43 | D        | Reached skill level 17 in Shields
    43 | D        | Reached skill level 21 in Conjurations
    43 | D        | Reached skill level 21 in Hexes
    43 | D        | Reached skill level 21 in Summonings
    43 | D        | Reached skill level 21 in Alchemy
    43 | D        | Reached skill level 21 in Evocations
    43 | D        | Reached skill level 18 in Shapeshifting
    43 | D        | Reached XP level 24. HP: 147/282 MP: 19/46
    43 | D        | Killed a destroyer
    44 | D        | Reached skill level 23 in Necromancy
    44 | D        | Noticed a tyrant
    47 | D        | Noticed an accursed
    50 | D        | Noticed The Servant
    51 | D        | Reached skill level 27 in Invocations
    51 | D        | Killed a tyrant
    51 | D        | HP: 40/283 [??? (38)]
    51 | D        | Noticed a destroyer
    52 | D        | Reached skill level 21 in Dodging
    52 | D        | Reached skill level 19 in Stealth
    52 | D        | Reached skill level 23 in Unarmed Combat
    52 | D        | Reached skill level 20 in Spellcasting
    52 | D        | Reached skill level 20 in Translocations
    52 | D        | Reached skill level 20 in Fire Magic
    52 | D        | Reached skill level 20 in Ice Magic
    52 | D        | Reached skill level 20 in Air Magic
    52 | D        | Reached skill level 20 in Earth Magic
    53 | D        | Noticed a tyrant
    54 | D        | Noticed a destroyer
    54 | D        | Noticed a tyrant
    54 | D        | Noticed a destroyer
    56 | D        | Reached skill level 21 in Throwing
    56 | D        | HP: 47/284 [??? (45)]
    57 | D        | Killed a large bag of meat
    57 | D        | HP: 13/284 [accursed/divine providence (12)]
    57 | D        | Noticed a large bag of meat
    58 | D        | Reached skill level 18 in Armour
    58 | D        | Reached skill level 18 in Shields
    58 | D        | Reached skill level 22 in Conjurations
    58 | D        | Reached skill level 22 in Hexes
    58 | D        | Reached skill level 22 in Summonings
    58 | D        | Reached skill level 22 in Alchemy
    58 | D        | Mangled by The Servant

Vanquished Creatures
  8 vampire knights (D)
  23 ogres (D)
  9 two-headed ogres (D)
  2 liches (D)
  62 orcs (D)
  4 skeletal warriors (D)
108 creatures vanquished.

Vanquished Creatures (others)
  A two-headed ogre (D)
1 creature vanquished.

Grand Total: 109 creatures vanquished

Table legend:
 A = Non-vault XP
 B = Vault XP
 C = Vault XP percentage of total XP
 D = Non-vault monster count
 E = Vault monster count
 F = Vault count percentage of total count
                 A         B        C        D         E       F
            +---------+---------+-------+---------+---------+-------
      Total |  604623 |  501541 |  45.3 |      43 |      65 |  60.2
            +---------+---------+-------+---------+---------+-------
          D |  604623 |  501541 |  45.3 |      43 |      65 |  60.2
            +---------+---------+-------+---------+---------+-------

Skill      XL: |  1  2  3  4  5  6  7  8  9 10 11 12 13 14 15 16 17 18 19 20 21 22 23 24 |
---------------+-------------------------------------------------------------------------+-----
Fighting       | 13 14 15 16 17 18 19 21 23 24 | 24.9
Throwing       | 12 13 14 15 16 17 18 19 20 21 | 21.1
Dodging        | 12 13 14 15 16 17 18 19 20 21 | 21.3
Unarmed Combat | 12 13 14 15 17 18 19 20 21 22 23 | 23.2
Short Blades   | 2 3 5 6 8 10 11 12 14 15 17 | 17.9
Long Blades    | 2 3 5 6 8 10 11 12 14 15 17 | 17.9
Axes           | 2 3 5 6 8 10 11 12 14 15 17 | 17.8
Maces & Flails | 2 3 5 6 8 10 11 12 14 15 17 | 17.9
Polearms       | 2 3 5 6 8 10 11 12 14 15 17 | 17.9
Staves         | 2 3 5 6 8 10 11 12 14 15 17 | 17.9
Ranged Weapons | 2 3 5 6 8 10 11 12 14 15 17 | 17.9
Armour         | 2 3 5 6 8 10 11 12 14 15 17 18 | 18.0
Stealth        | 2 3 6 8 9 11 12 13 15 17 18 19 | 19.4
Shields        | 2 3 5 6 8 10 11 12 14 15 17 18 | 18.0
Spellcasting   | 2 3 4 6 7 9 10 12 14 16 18 19 20 | 20.4
Conjurations   | 2 3 4 7 10 11 13 15 17 18 19 21 22 | 22.0
Hexes          | 2 3 4 7 10 11 13 15 17 18 19 21 22 | 22.0
Summonings     | 2 3 4 7 10 11 13 15 17 18 19 21 22 | 22.0
Necromancy     | 3 4 5 8 11 12 14 15 16 19 21 22 23 | 23.7
Translocations | 2 3 4 6 7 9 10 12 14 16 18 19 20 | 20.4
Fire Magic     | 2 3 4 6 7 9 10 12 14 16 18 19 20 | 20.3
Ice Magic      | 2 3 4 6 7 9 10 12 14 16 18 19 20 | 20.3
Air Magic      | 2 3 4 6 7 9 10 12 14 16 18 19 20 | 20.3
Earth Magic    | 2 3 4 6 7 9 10 12 14 16 18 19 20 | 20.3
Alchemy        | 2 3 4 7 10 11 13 15 17 18 19 21 22 | 22.0
Invocations    | 3 5 6 9 10 13 14 16 17 19 22 24 26 27 | 27.0
Evocations     | 2 3 4 7 10 11 13 15 17 18 19 21 | 21.9
Shapeshifting  | 2 3 6 8 9 11 13 14 15 16 18 | 18.8

Action                     |  1- 3 |  4- 6 |  7- 9 | 10-12 | 13-15 | 16-18 | 19-21 | 22-24 || total
---------------------------+-------+-------+-------+-------+-------+-------+-------+-------++-------
  Melee: Executioner's axe |     1 |       |       |     3 |     5 |     6 |     6 |    23 ||    44
 Armour: Leather armour    |       |       |       |       |     3 |     8 |     5 |    12 ||    28
  Dodge: Dodged            |       |       |       |       |     2 |     1 |       |     4 ||     7

Illustrated notes

Table legend:
 A = Kills in this place as a percentage of kills in the entire game.
 B = Kills by you in this place as a percentage of kills by you in the entire game.
 C = Kills by friends in this place as a percentage of kills by friends in the entire game.
 D = Other kills in this place as a percentage of other kills in the entire game.
 E = Experience gained in this place as a percentage of experience gained in the entire game.
 F = Experience gained in this place divided by the number of levels of this place that you have seen.
                   A       B       C       D       E      F
               +-------+-------+-------+-------+-------+----------------------
         Total | 100.0 | 100.0 |   N/A |   N/A | 100.0 | 1106164.0
       Dungeon | 100.0 | 100.0 |   N/A |   N/A | 100.0 | 1106164.0
               +-------+-------+-------+-------+-------+----------------------

Table legend: (Time is in decaauts)
 A = Elapsed time spent in this place.
 B = Non-inter-level travel time spent in this place.
 C = Inter-level travel time spent in this place.
 D = Time resting spent in this place.
 E = Time spent auto-exploring this place.
 F = Levels seen in this place.
 G = Mean time per level.
                   A        B        C        D        E       F      G
               +--------+--------+--------+--------+--------+-----+--------+
         Total |     61 |     61 |      0 |      0 |      0 |   1 |   61.0 |
       Dungeon |     61 |     61 |      0 |      0 |      0 |   1 |   61.0 |
               +--------+--------+--------+--------+--------+-----+--------+

Top non-repeatable levels by time:
       D: 61 daAuts
